[ PARTIDA AOE2 · #485772344 ]
UnrankedJemeres vs Byzantines
Equipo del jugador · VICT
[ ANÁLISIS DE REPETICIÓN · EXTRAÍDO DE LA PARTIDA GRABADA ]
Feudal
9:51
Castillos
18:41
Imperial
34:27
| APM promedio | 36.5 |
| APM pico | 72 |
| eAPM promedio | 16.5 |
| Aldeanos / militares | 138 / 150 |
Foco
⚔️ 27.5% · 🌾 72.5%
Battle Elephant ×72 · Cavalry Archer ×69 · Trebuchet (Packed) ×6 · Scout Cavalry ×3
Feudal
—
Castillos
—
Imperial
—
| APM promedio | 37.9 |
| APM pico | 81 |
| eAPM promedio | 21.1 |
| Aldeanos / militares | 154 / 148 |
Foco
⚔️ 34.9% · 🌾 65.1%
Camel Scout ×88 · Skirmisher ×45 · Monk ×8 · Spearman ×4 · Trebuchet (Packed) ×3
Mapa de la partida
Recursos iniciales + cada clic de construcción. Líneas = muros · curvas = relieve. ◆ oro · ⬟ piedra · ● bayas · ✦ reliquia · ◌ hueco del cierre
Tu base· Abierta — flanco sin cerrar
Base de Hellskitchen532· Abierta — hueco de 4t
Terreno inicial suavizado · ◌ = hueco del cierre detectado · pasá el cursor para detalles
Inputs por minuto
— FurryEaredLemur - - Hellskitchen532
Build order — FurryEaredLemur
Primeras 150 de 444 acciones detectadas
| 0:00 | Crear | Villager (Male) |
| 0:01 | Crear | Villager (Male) |
| 0:01 | Crear | Villager (Male) |
| 0:01 | Crear | Villager (Male) |
| 0:02 | Construir | House |
| 0:04 | Construir | House |
| 1:24 | Crear | Villager (Male) |
| 1:47 | Construir | Lumber Camp |
| 2:07 | Crear | Villager (Male) |
| 2:07 | Crear | Villager (Male) |
| 2:07 | Crear | Villager (Male) |
| 2:23 | Crear | Villager (Male) |
| 2:23 | Crear | Villager (Male) |
| 2:24 | Crear | Villager (Male) |
| 2:48 | Crear | Villager (Male) |
| 2:48 | Crear | Villager (Male) |
| 3:31 | Crear | Villager (Male) |
| 3:31 | Crear | Villager (Male) |
| 3:48 | Crear | Villager (Male) |
| 3:48 | Crear | Villager (Male) |
| 3:49 | Crear | Villager (Male) |
| 4:01 | Construir | House |
| 4:03 | Construir | House |
| 4:10 | Crear | Villager (Male) |
| 4:11 | Crear | Villager (Male) |
| 4:30 | Crear | Villager (Male) |
| 4:30 | Crear | Villager (Male) |
| 4:56 | Construir | Mill |
| 5:10 | Crear | Villager (Male) |
| 5:10 | Crear | Villager (Male) |
| 5:37 | Crear | Villager (Male) |
| 5:47 | Crear | Villager (Male) |
| 5:53 | Investigar | Loom |
| 6:42 | Crear | Villager (Male) |
| 7:18 | Investigar | Feudal Age |
| 8:08 | Crear | Villager (Male) |
| 8:26 | Crear | Villager (Male) |
| 8:32 | Construir | House |
| 8:41 | Construir | Palisade Wall |
| 8:51 | Construir | House |
| 8:53 | Construir | Palisade Wall |
| 8:56 | Construir | Palisade Wall |
| 9:25 | Construir | Mill |
| 9:51 | Edad | Edad Feudal |
| 9:52 | Construir | Farm |
| 9:52 | Construir | Farm |
| 9:52 | Construir | Farm |
| 9:53 | Construir | Farm |
| 9:53 | Construir | Farm |
| 10:09 | Construir | Stable |
| 10:27 | Construir | Farm |
| 10:34 | Investigar | Double-Bit Axe |
| 10:36 | Crear | Villager (Male) |
| 10:54 | Crear | Scout Cavalry |
| 11:20 | Construir | Farm |
| 11:22 | Construir | Farm |
| 11:25 | Crear | Villager (Male) |
| 11:25 | Crear | Villager (Male) |
| 11:30 | Crear | Scout Cavalry |
| 11:54 | Crear | Scout Cavalry |
| 11:56 | Crear | Villager (Male) |
| 11:56 | Crear | Villager (Male) |
| 11:59 | Construir | Farm |
| 12:00 | Construir | Farm |
| 12:00 | Construir | Farm |
| 12:00 | Construir | Farm |
| 12:01 | Construir | Farm |
| 12:01 | Construir | Farm |
| 12:01 | Construir | Farm |
| 12:11 | Construir | Mining Camp |
| 12:29 | Construir | Farm |
| 12:50 | Crear | Villager (Male) |
| 12:50 | Crear | Villager (Male) |
| 13:00 | Crear | Villager (Male) |
| 13:06 | Construir | Farm |
| 13:06 | Construir | Farm |
| 13:06 | Construir | Farm |
| 13:07 | Construir | Farm |
| 13:09 | Construir | Farm |
| 13:30 | Construir | House |
| 13:32 | Construir | House |
| 13:35 | Construir | Palisade Wall |
| 13:41 | Construir | House |
| 13:42 | Crear | Villager (Male) |
| 13:50 | Construir | Farm |
| 13:52 | Construir | Farm |
| 14:11 | Construir | Farm |
| 14:16 | Crear | Villager (Male) |
| 14:31 | Construir | Farm |
| 14:51 | Construir | Farm |
| 14:54 | Crear | Villager (Male) |
| 15:22 | Crear | Villager (Male) |
| 15:28 | Construir | Farm |
| 15:45 | Construir | House |
| 15:47 | Construir | Palisade Wall |
| 16:01 | Investigar | Castle Age |
| 16:01 | Investigar | Castle Age |
| 16:20 | Construir | Blacksmith |
| 16:30 | Crear | Villager (Male) |
| 16:31 | Crear | Villager (Male) |
| 16:45 | Construir | Archery Range |
| 17:29 | Construir | Palisade Wall |
| 17:35 | Construir | Palisade Gate |
| 17:41 | Construir | Palisade Wall |
| 17:46 | Construir | Archery Range |
| 17:50 | Investigar | Bloodlines |
| 17:54 | Investigar | Fletching |
| 17:55 | Investigar | Padded Archer Armor |
| 18:01 | Crear | Villager (Male) |
| 18:06 | Construir | House |
| 18:08 | Construir | Palisade Wall |
| 18:11 | Construir | Palisade Wall |
| 18:41 | Edad | Edad de los Castillos |
| 18:43 | Crear | Cavalry Archer |
| 18:43 | Crear | Cavalry Archer |
| 19:12 | Crear | Villager (Male) |
| 19:12 | Crear | Villager (Male) |
| 19:15 | Investigar | Bodkin Arrow |
| 19:17 | Crear | Villager (Male) |
| 19:31 | Construir | House |
| 19:58 | Construir | Farm |
| 19:59 | Construir | Farm |
| 20:02 | Investigar | Horse Collar |
| 20:05 | Investigar | Bow Saw |
| 20:05 | Investigar | Bow Saw |
| 20:14 | Crear | Cavalry Archer |
| 20:15 | Crear | Cavalry Archer |
| 20:36 | Crear | Villager (Male) |
| 20:38 | Construir | Farm |
| 20:40 | Construir | Farm |
| 21:02 | Crear | Cavalry Archer |
| 21:02 | Crear | Cavalry Archer |
| 21:08 | Crear | Cavalry Archer |
| 21:33 | Crear | Cavalry Archer |
| 21:33 | Crear | Cavalry Archer |
| 21:36 | Crear | Villager (Male) |
| 21:36 | Crear | Villager (Male) |
| 21:46 | Construir | Lumber Camp |
| 21:47 | Crear | Villager (Male) |
| 21:47 | Crear | Villager (Male) |
| 22:05 | Crear | Cavalry Archer |
| 22:06 | Crear | Cavalry Archer |
| 22:07 | Crear | Villager (Male) |
| 22:09 | Construir | Farm |
| 22:30 | Investigar | Husbandry |
| 22:36 | Crear | Cavalry Archer |
| 22:36 | Crear | Cavalry Archer |
| 22:45 | Construir | Farm |
| 22:46 | Construir | Farm |
| 22:54 | Crear | Cavalry Archer |
Build order — Hellskitchen532
Primeras 150 de 485 acciones detectadas
| 0:01 | Crear | Villager (Male) |
| 0:01 | Crear | Villager (Male) |
| 0:02 | Crear | Villager (Male) |
| 0:02 | Crear | Villager (Male) |
| 0:02 | Crear | Villager (Male) |
| 0:04 | Construir | House |
| 0:05 | Construir | House |
| 1:26 | Crear | Villager (Male) |
| 1:26 | Crear | Villager (Male) |
| 2:01 | Crear | Villager (Male) |
| 2:01 | Crear | Villager (Male) |
| 2:10 | Construir | Lumber Camp |
| 2:16 | Crear | Villager (Male) |
| 2:16 | Crear | Villager (Male) |
| 2:47 | Crear | Villager (Male) |
| 2:47 | Crear | Villager (Male) |
| 3:09 | Crear | Villager (Male) |
| 3:09 | Crear | Villager (Male) |
| 3:31 | Construir | House |
| 3:32 | Construir | House |
| 3:36 | Crear | Villager (Male) |
| 3:37 | Crear | Villager (Male) |
| 4:08 | Crear | Villager (Male) |
| 4:08 | Crear | Villager (Male) |
| 4:40 | Crear | Villager (Male) |
| 4:41 | Crear | Villager (Male) |
| 4:45 | Construir | Mill |
| 4:52 | Crear | Villager (Male) |
| 5:15 | Crear | Villager (Male) |
| 5:16 | Crear | Villager (Male) |
| 6:07 | Crear | Villager (Male) |
| 6:07 | Crear | Villager (Male) |
| 6:32 | Investigar | Loom |
| 7:12 | Investigar | Feudal Age |
| 7:25 | Construir | Lumber Camp |
| 7:32 | Construir | Lumber Camp |
| 8:04 | Construir | Barracks |
| 8:06 | Construir | House |
| 8:16 | Crear | Villager (Male) |
| 8:33 | Construir | House |
| 8:36 | Construir | House |
| 8:39 | Construir | Palisade Wall |
| 8:49 | Construir | House |
| 8:59 | Construir | Palisade Wall |
| 9:08 | Construir | Palisade Wall |
| 9:23 | Investigar | Double-Bit Axe |
| 9:38 | Crear | Villager (Male) |
| 9:56 | Construir | Palisade Gate |
| 9:58 | Crear | Spearman |
| 9:58 | Crear | Spearman |
| 10:03 | Crear | Villager (Male) |
| 10:03 | Crear | Villager (Male) |
| 10:04 | Crear | Villager (Male) |
| 10:11 | Investigar | Horse Collar |
| 10:32 | Construir | Farm |
| 10:36 | Construir | House |
| 10:43 | Construir | House |
| 10:47 | Crear | Villager (Male) |
| 11:24 | Construir | Stable |
| 11:31 | Crear | Villager (Male) |
| 11:31 | Crear | Villager (Male) |
| 11:36 | Construir | Mill |
| 11:46 | Crear | Villager (Male) |
| 11:49 | Construir | Farm |
| 11:57 | Crear | Villager (Male) |
| 12:12 | Construir | Farm |
| 12:20 | Construir | Farm |
| 12:23 | Construir | Farm |
| 12:31 | Crear | Spearman |
| 12:57 | Construir | Blacksmith |
| 12:59 | Crear | Villager (Male) |
| 13:25 | Construir | Farm |
| 13:27 | Construir | Farm |
| 13:29 | Construir | Farm |
| 14:06 | Construir | Mining Camp |
| 14:07 | Crear | Villager (Male) |
| 14:08 | Crear | Villager (Male) |
| 14:09 | Crear | Villager (Male) |
| 14:11 | Construir | Farm |
| 14:12 | Construir | Farm |
| 14:18 | Crear | Spearman |
| 14:24 | Construir | Farm |
| 14:42 | Construir | Farm |
| 14:51 | Construir | Farm |
| 15:23 | Crear | Villager (Male) |
| 15:36 | Construir | House |
| 15:48 | Construir | Palisade Wall |
| 15:50 | Construir | Palisade Wall |
| 16:04 | Crear | Villager (Male) |
| 16:10 | Construir | Farm |
| 16:25 | Crear | Villager (Male) |
| 16:32 | Construir | Farm |
| 16:59 | Investigar | Castle Age |
| 16:59 | Investigar | Castle Age |
| 17:06 | Construir | Stable |
| 17:09 | Construir | Stable |
| 17:37 | Investigar | Scale Barding Armor |
| 17:37 | Investigar | Forging |
| 17:47 | Construir | Farm |
| 17:54 | Investigar | Gold Mining |
| 18:25 | Crear | Villager (Male) |
| 18:25 | Crear | Villager (Male) |
| 18:38 | Construir | House |
| 18:40 | Construir | House |
| 18:42 | Construir | House |
| 18:50 | Construir | Palisade Wall |
| 19:21 | Investigar | Forging |
| 19:42 | Investigar | Husbandry |
| 19:42 | Crear | Camel Scout |
| 19:43 | Crear | Camel Scout |
| 19:43 | Crear | Camel Scout |
| 19:43 | Crear | Camel Scout |
| 19:44 | Crear | Camel Scout |
| 20:07 | Construir | Farm |
| 20:07 | Construir | Farm |
| 20:07 | Construir | Farm |
| 20:08 | Construir | Farm |
| 20:11 | Crear | Camel Scout |
| 20:11 | Crear | Camel Scout |
| 20:11 | Crear | Camel Scout |
| 20:12 | Crear | Camel Scout |
| 20:12 | Crear | Camel Scout |
| 20:40 | Crear | Camel Scout |
| 20:40 | Crear | Camel Scout |
| 20:40 | Crear | Camel Scout |
| 20:53 | Investigar | Chain Barding Armor |
| 20:56 | Construir | Farm |
| 20:56 | Construir | Farm |
| 21:02 | Crear | Villager (Male) |
| 21:02 | Crear | Villager (Male) |
| 21:16 | Crear | Camel Scout |
| 21:17 | Crear | Camel Scout |
| 21:18 | Crear | Villager (Male) |
| 21:19 | Crear | Villager (Male) |
| 21:29 | Crear | Camel Scout |
| 21:46 | Crear | Villager (Male) |
| 21:46 | Crear | Villager (Male) |
| 21:59 | Crear | Camel Scout |
| 21:59 | Crear | Camel Scout |
| 22:18 | Crear | Camel Scout |
| 22:42 | Crear | Camel Scout |
| 22:43 | Crear | Camel Scout |
| 22:58 | Crear | Villager (Male) |
| 22:58 | Crear | Villager (Male) |
| 22:58 | Investigar | Wheelbarrow |
| 23:01 | Crear | Villager (Male) |
| 23:01 | Crear | Villager (Male) |
| 23:11 | Construir | Town Center |
| 23:15 | Crear | Villager (Male) |
| 23:15 | Crear | Villager (Male) |
Cronología de la partida
| 8:04 | Hellskitchen532 · first_building Barracks |
| 8:39 | Hellskitchen532 · wall_segment Palisade Wall x7 |
| 8:41 | FurryEaredLemur · wall_segment Palisade Wall x1 |
| 8:53 | FurryEaredLemur · wall_segment Palisade Wall x2 |
| 8:56 | FurryEaredLemur · wall_segment Palisade Wall x13 |
| 8:59 | Hellskitchen532 · wall_segment Palisade Wall x8 |
| 9:08 | Hellskitchen532 · wall_segment Palisade Wall x15 |
| 9:51 | FurryEaredLemur · age_up feudal |
| 10:09 | FurryEaredLemur · first_building Stable |
| 11:24 | Hellskitchen532 · first_building Stable |
| 13:35 | FurryEaredLemur · wall_segment Palisade Wall x5 |
| 15:47 | FurryEaredLemur · wall_segment Palisade Wall x7 |
| 15:48 | Hellskitchen532 · wall_segment Palisade Wall x3 |
| 15:50 | Hellskitchen532 · wall_segment Palisade Wall x1 |
| 16:45 | FurryEaredLemur · first_building Archery Range |
| 17:29 | FurryEaredLemur · wall_segment Palisade Wall x1 |
| 17:41 | FurryEaredLemur · wall_segment Palisade Wall x2 |
| 18:08 | FurryEaredLemur · wall_segment Palisade Wall x1 |
| 18:11 | FurryEaredLemur · wall_segment Palisade Wall x7 |
| 18:41 | FurryEaredLemur · age_up castle |
| 18:50 | Hellskitchen532 · wall_segment Palisade Wall x8 |
| 26:45 | Hellskitchen532 · first_building Archery Range |
| 30:01 | Hellskitchen532 · wall_segment Palisade Wall x6 |
| 30:48 | Hellskitchen532 · wall_segment Stone Wall x10 |
| 30:50 | Hellskitchen532 · wall_segment Stone Wall x15 |
| 31:10 | Hellskitchen532 · wall_segment Stone Wall x11 |
| 31:12 | FurryEaredLemur · first_market_sell 100 food |
| 31:12 | Hellskitchen532 · wall_segment Stone Wall x20 |
| 32:40 | Hellskitchen532 · wall_segment Stone Wall x9 |
| 32:54 | Hellskitchen532 · wall_segment Stone Wall x3 |
| 33:16 | FurryEaredLemur · first_building Castle |
| 33:51 | Hellskitchen532 · first_building Monastery |
| 34:07 | Hellskitchen532 · wall_segment Stone Wall x11 |
| 34:27 | FurryEaredLemur · age_up imperial |
| 34:38 | Hellskitchen532 · first_market_buy 100 food |
| 37:39 | Hellskitchen532 · first_building Castle |
| 37:58 | FurryEaredLemur · first_market_buy 100 food |
| 45:09 | Hellskitchen532 · first_market_sell 100 food |
| 46:03 | Hellskitchen532 · wall_segment Stone Wall x7 |
| 48:17 | Hellskitchen532 · resign |
[ ANÁLISIS IA · 1 CRÉDITO ]
¿Qué pasó realmente en esta partida?
Wolo.gg analiza cada decisión: build order, eco, micro, errores típicos por bracket. Análisis personalizado por WhatsApp o Discord en 30 segundos.
Guía civ
Jemeres
Perfil
Jugador #3095219